 Dungeon Crawl Stone Soup version 0.28.0-47-ge53b351184 (webtiles) character file.

Game seed: 5182437631126554496

19 hawla the Digger (level 2, 0/15 HPs)
             Began as a Deep Elf Earth Elementalist on May 2, 2022.
             Slain by a ball python (2 damage)
             ... on level 2 of the Dungeon.
             The game lasted 00:04:25 (1169 turns).

hawla the Digger (Deep Elf Earth Elementalist)      Turns: 1169, Time: 00:04:25

Health: 0/15       AC:  2    Str:  5    XL:     2   Next: 55%
Magic:  5/8        EV:  9    Int: 19    God:
Gold:   21         SH:  0    Dex: 15    Spells: 5/8 levels left

rFire   . . .      SeeInvis .   (no weapon)
rCold   . . .      Faith    .   (no shield)
rNeg    . . .      Spirit   .   b - +0 robe
rPois   .          Reflect  .   (no helmet)
rElec   .          Harm     .   (no cloak)
rCorr   .          Rampage  .   (no gloves)
Will    .....                   (no boots)
Stlth   ++........              (no amulet)
HPRegen 0.05/turn               (no ring)
MPRegen 0.11/turn               (no ring)

@: constricted
A: no striking features
a: no special abilities


You were on level 2 of the Dungeon.
You visited 1 branch of the dungeon, and saw 2 of its levels.

You collected 21 gold pieces.

Inventory:

Armour
 b - a +0 robe (worn)
Scrolls
 a - a scroll of identify


   Skills:
 + Level 2.5 Dodging
 + Level 2.4 Stealth
 + Level 3.6 Spellcasting
 + Level 1.1 Transmutations
 + Level 3.9 Earth Magic


You had 5 spell levels left.
You knew the following spells:

 Your Spells              Type           Power      Damage    Failure   Level
a - Sandblast             Erth           36%        2d10      2%          1
b - Passwall              Tmut/Erth      10%        N/A       8%          2

Your spell library contained the following spells:

 Spells                   Type           Power      Damage    Failure   Level
 Stone Arrow              Conj/Erth      20%        3d8       19%         3
 Petrify                  Tmut/Erth      13%        N/A       45%         4


Dungeon Overview and Level Annotations

Branches:
Dungeon (2/15)

Altars:


Message History

The kobold hits you with a +0 dagger. The ball python closely misses you.
The ball python constricts you.
You closely miss the ball python.
The ball python is moderately wounded.
The ball python bites you but does no damage.
The ball python constricts you. The kobold hits you with a +0 dagger.
You barely miss the ball python.
The ball python is moderately wounded.
The ball python closely misses you. The ball python constricts you.
The kobold hits you but does no damage.
You hit the ball python.
The ball python is heavily wounded.
The ball python bites you. The ball python constricts you.
The kobold barely misses you.
You hit the ball python but do no damage.
The ball python is heavily wounded.
The ball python bites you. The ball python constricts you.
The kobold hits you but does no damage.
You hit the ball python but do no damage.
The ball python is heavily wounded.
The ball python bites you.
* * * LOW HITPOINT WARNING * * *
The ball python constricts you.
* * * LOW HITPOINT WARNING * * *
The kobold completely misses you.
The ball python bites you but does no damage.
The ball python constricts you.
You escape the ball python's grasp.
Casting: Passwall (safe; 8% risk of failure)
Confirm with . or Enter, or press ? or * to list all spells.
Aiming: Passwall (safe; 8% risk of failure)
Press: ? - help, Dir - move target The ball python barely misses you.
The ball python grabs you.
Your meditation is interrupted.
The ball python constricts you.
* * * LOW HITPOINT WARNING * * *
The kobold throws a stone.
The stone misses you. The ball python barely misses you.
The ball python constricts you.
The ball python's grasp on you weakens, but your attempt to escape fails.
The ball python bites you.
You die...

#..............#
...........##..#
#.............#
##.............#
...............#
.###...........#
###..#........#
#......##w.####
#.#.......K@..#
.#.#..#..#.S##?#
$...........# #
...#..#.....#
####..##.#.## #.
#..... #.
....### # ######


You could see a worm, a ball python and a kobold.

Vanquished Creatures
  An endoplasm (D:1)
  2 hobgoblins (D:1)
  2 jackals (D:1)
  A quokka (D:1)
  3 ball pythons (D:1)
  3 bats (D:1)
  2 frilled lizards (D:1)
  3 goblins (D:1)
  A rat (D:1)
18 creatures vanquished.

Notes
Turn   | Place    | Note
-------+----------+-------------------------------------------
     0 | D:1      | hawla the Deep Elf Earth Elementalist began the quest for
                  | the Orb.
     0 | D:1      | Reached XP level 1. HP: 10/10 MP: 6/6
   479 | D:1      | Reached XP level 2. HP: 12/15 MP: 5/8
   570 | D:1      | Learned a level 2 spell: Passwall
  1169 | D:2      | Slain by a ball python

Illustrated notes

Levels and vault maps discovered:
D:1:      ebering_hopf_link, layout_rooms
D:2:      layout_loops_cross, kennysheep_generic_room_12

Action                   || total
-------------------------++-------
Melee: Unarmed           ||    21
 Cast: Sandblast         ||    30
       Passwall          ||     6
  Use: Scroll            ||     2
Armor: Robe              ||    15
Dodge: Dodged            ||    36
